 Dungeon Crawl Stone Soup version 0.19.5 (webtiles) character file.

217 lauthentik the Sneak (level 5, -2/37 HPs)
             Began as a Vampire Enchanter on May 2, 2017.
             Slain by Grinder (7 damage)
             ... on level 3 of the Dungeon.
             The game lasted 00:06:29 (2027 turns).

lauthentik the Sneak (Vampire Enchanter)            Turns: 2027, Time: 00:06:31

Health: -2/37      AC:  3    Str:  7    XL:     5   Next: 61%
Magic:  2/9        EV: 13    Int: 19    God:
Gold:   106        SH:  0    Dex: 14    Spells: 3 memorised, 4 levels left

rFire  . . .     SeeInvis +     a - +1 dagger
rCold  + . .     Gourm    .     b - +1 robe
rNeg   + + .     Faith    .     (no shield)
rPois  +         Spirit   .     (no helmet)
rElec  .         Reflect  .     (no cloak)
rCorr  .         Harm     .     (no gloves)
MR     .....                    (no boots)
Stlth  ++++......               (no amulet)
                                (no ring)
                                (no ring)

@: regenerating slowly
A: fangs 3, see invisible, unbreathing
a: Bat Form


You were on level 3 of the Dungeon.
You were very thirsty.

You visited 1 branch of the dungeon, and saw 3 of its levels.

You collected 106 gold pieces.

Inventory:

Hand Weapons
 a - a +1 dagger (weapon)
Armour
 b - a +1 robe (worn)
Jewellery
 n - an uncursed ring of protection from cold {unknown}
Scrolls
 e - 4 scrolls of amnesia {unknown}
 g - 2 scrolls of identify {unknown}
 j - a scroll of random uselessness {unknown}
 l - 2 scrolls of remove curse {unknown}
 o - a scroll of teleportation {unknown}
 q - a scroll of noise {unknown}
Potions
 d - 15 potions of blood
 f - a potion of berserk rage {unknown}
 h - 2 potions of invisibility {unknown}
 i - a potion of cancellation {unknown}
 k - a potion of mutation {unknown}
 m - 2 potions of haste {unknown}
 p - 4 potions of heal wounds {unknown}
 r - a potion of agility {unknown}
 t - a potion of degeneration {unknown}
 u - a potion of resistance {unknown}
Books
 c - a book of Maledictions

   Spells                             Type                      Level
   a - Corona                         Hexes                        1
   b - Ensorcelled Hibernation        Hexes/Ice                    2
   c - Confuse                        Hexes                        3
   d - Tukima's Dance                 Hexes                        3
   e - Dazzling Spray                 Conjuration/Hexes            3
 s - a book of Changes

   Spells                             Type                      Level
   a - Beastly Appendage              Transmutation                1
   b - Sticks to Snakes               Transmutation                2
   c - Spider Form                    Transmutation/Poison         3
   d - Ice Form                       Ice/Transmutation            4
   e - Blade Hands                    Transmutation                5


   Skills:
 + Level 1.0 Fighting
 + Level 2.5 Short Blades
 + Level 2.7 Dodging
 + Level 6.2 Stealth
 + Level 3.0 Spellcasting
 + Level 5.3 Hexes
 + Level 1.4 Ice Magic


You had 4 spell levels left.
You knew the following spells:

 Your Spells              Type           Power        Failure   Level  Hunger
a - Ensorcelled Hibernat  Hex/Ice        ###...       8%          2    ##.....
b - Corona                Hex            ###....      1%          1    None
c - Confuse               Hex            ###.....     6%          3    ###....


Dungeon Overview and Level Annotations

Branches:
Dungeon (3/15)

Altars:
Nemelex Xobeh

Annotations:
D:3 Grinder


Innate Abilities, Weirdness & Mutations

You heal slowly.
You have razor-sharp teeth.
You have supernaturally acute eyesight. (SInv)
You can survive without breathing.


Message History

Grinder resists with significant effort.
Grinder hits you.
You writhe in agony.
You hit Grinder. You bite Grinder.
Grinder is severely wounded.
Grinder misses you.
You hit Grinder.
Grinder is almost dead.
Grinder gestures at you. Pain shoots through your body!
You closely miss Grinder. Your bite misses Grinder.
Grinder is almost dead.
Grinder hits you!
* * * LOW HITPOINT WARNING * * *
You hit Grinder but do no damage.
Grinder is almost dead.
Grinder barely misses you.
You hit Grinder.
Grinder is almost dead.
Grinder hits you!
You die...

##..#..##..#..#...####....#
#.#.#..##..#.†'...#..'....#
#......##..#####..#..#....#
#.#.#..##..#%..'..####....#
#..........#..†#..PPP...###
...........#%..#........#
.#(##.###..#####..##'#..#
.#.........# +...#..#..#
.####.##...# #.@.#.†#..# ##
#.##...####.5.#..#.## .
#.##......P..#####.# ..
#+##.........# .# ..#
.......##)#..+
..#........#.(#..#
..#........#..#..#
..#.....#..####..+
##.##.... ...#


You could see Grinder.

Vanquished Creatures
  A crimson imp (D:3)
  Jessica (D:2)
  Ijyb (D:2)
  4 adders
  4 oozes
  A worm (D:2)
  2 dart slugs (D:1)
  3 leopard geckos
  4 orcs
  2 giant cockroaches
  9 goblins
  5 hobgoblins
  3 jackals (D:3)
  4 ball pythons
  12 bats
  A frilled lizard (D:2)
  8 kobolds
  4 rats
69 creatures vanquished.

Notes
Turn   | Place    | Note
-------+----------+-------------------------------------------
     0 | D:1      | lauthentik the Vampire Enchanter began the quest for the Orb.
     0 | D:1      | Reached XP level 1. HP: 13/13 MP: 3/3
   125 | D:1      | Reached XP level 2. HP: 15/19 MP: 3/5
   168 | D:1      | Learned a level 2 spell: Ensorcelled Hibernation
   667 | D:1      | Reached skill level 5 in Hexes
   711 | D:1      | Reached XP level 3. HP: 12/24 MP: 3/6
   859 | D:2      | Noticed Ijyb
   865 | D:2      | Killed Ijyb
  1017 | D:2      | Reached skill level 5 in Stealth
  1017 | D:2      | Reached XP level 4. HP: 31/31 MP: 7/7
  1024 | D:2      | Found a sparkling altar of Nemelex Xobeh.
  1092 | D:2      | Reached skill level 1 in Ice Magic
  1154 | D:2      | Noticed Jessica
  1170 | D:2      | Killed Jessica
  1515 | D:2      | Reached XP level 5. HP: 36/36 MP: 6/9
  1599 | D:3      | Reached skill level 6 in Stealth
  1658 | D:3      | Reached skill level 1 in Fighting
  1982 | D:3      | Noticed Grinder
  2001 | D:3      | Learned a level 3 spell: Confuse
  2027 | D:3      | Slain by Grinder

Skill      XL: |  1  2  3  4  5 |
---------------+----------------+-----
Hexes          | 5 |  5.3
Short Blades   | 2 |  2.5
Stealth        | 5 6 |  6.2
Ice Magic      | 1 |  1.4
Fighting       | 1 |  1.0
Spellcasting   | 3 |  3.0
Dodging        | |  2.7

Action                   |  1- 3 |  4- 6 || total
-------------------------+-------+-------++-------
Melee: Dagger            |    87 |   128 ||   215
       Bite              |     5 |     6 ||    11
 Cast: Corona            |     7 |       ||     7
       Ensorcelled Hiber |    17 |    26 ||    43
       Confuse           |       |     3 ||     3
  Use: Potion            |       |     1 ||     1
 Stab: Sleeping          |    18 |    30 ||    48
       Confused          |       |     1 ||     1
Armor: Robe              |    31 |    26 ||    57
Dodge: Dodged            |    72 |    63 ||   135
